Mandevil, chaotic female orcish Rogue --- ----.. --- |.....- ---- ..- ..... |..--- .... -.... |....| ... |....----....---.... --+..)|..........| |Gf...@h.......- - |..........*.| |............| ---<......--.- --....--- . ---.-- --- Mandevil the Footpad Experience level: 1 Strength: 15 Dexterity: 18 Constitution: 15 Intelligence: 10 Wisdom: 10 Charisma: 7 Health: 0(13) Energy: 2(2) Def: 3 Gold: 103 Moves: 866 Dungeon seed: j0SR8rRwlXzrWDHf Game ID: Mandevil_1624033882 Your Inventory: Coins $ - 103 gold pieces Weapons a - an uncursed +0 orcish short sword (weapon in hand) b - 2 uncursed +0 orcish daggers (in quiver) Armor e - a blessed +1 leather armor (being worn) Comestibles g - 2 uncursed food rations i - an uncursed si j - an uncursed cram ration l - 2 uncursed lichen corpses o - 2 uncursed sprigs of wolfsbane Scrolls t - an uncursed scroll of light Potions c - an uncursed potion of sickness r - an uncursed potion of monster detection s - a blessed potion of levitation u - a blessed potion of monster detection Rings p - an uncursed ring of shock immunity (on left hand) Tools h - an uncursed sack k - an uncursed lock pick m - an uncursed oil lamp (0:1140) Gems n - 2 uncursed worthless pieces of red glass q - an uncursed worthless piece of black glass Spells and supernatural/magical abilities: Name Level Category Cost Memory W - pray for help -- divine ? -- Your skills at the end: Fighting Skills wands [Basic] Weapon Skills dagger [Basic] short sword [Basic] Spellcasting Skills Final Attributes: You were piously aligned. You were immune to electricity. You were immune to poison. You had infravision. You were stealthy. Kos was noncommittal. You are dead. Vanquished creatures: a gnomish wizard a gnome 7 grid bugs 3 lichens 3 newts 15 creatures vanquished. Voluntary challenges: You followed a strict vegan diet. You were an atheist. You used a wielded weapon 3 times, starting on turn 346. You read items or engraved 1 time, starting on turn 757. You never genocided any monsters. You never polymorphed an object. You never changed form. You used no wishes. You never split a pudding. You never wrote Elbereth's name. You never violated your personal moral code. Dungeon overview: The Dungeons of Doom: levels 1 to 2 Level 1 a long staircase Level 2 a general store, a vault stairs to The Gnomish Mines The Gnomish Mines: Level 3 <- You were here stairs to The Dungeons of Doom History has recorded: On T:1 you entered the Dungeons of Doom to retrieve the Amulet of Yendor! On T:398 you reached level 2 of The Dungeons of Doom. On T:838 you reached level 1 of The Gnomish Mines. Score breakdown: Gold: 103 ( 6861 points) Experience: 1 level ( 0 points) Exploration: 3 levels ( 6.25%) ( 6188 points) Discoveries: 3 items ( 1.03%) ( 3046 points) Valuables value: (no points given unless you survive) Artifact value: 0 ( 0 points) Variety of kills: 5 monsters ( 1.32%) ( 3441 points) Turncount: 866 turns ( 0 points) Survival: died (score multiplied by 80%) Total score: 15628 Latest messages: The 2nd orcish dagger hits the dwarf lord. You hear some noises in the distance. The dwarf lord picks up 8 uncursed +0 orcish daggers from the floor. Micka eats a male gnome corpse. The dwarf lord throws an orcish dagger! The orcish dagger misses Micka. The dwarf lord throws an orcish dagger! The orcish dagger hits Micka. You hear some noises in the distance. You miss the dwarf lord. The dwarf lord wields a broad short sword! You hear some noises in the distance. The orcish dagger hits the dwarf lord. b - 2 uncursed +0 orcish daggers (in quiver). The dwarf lord thrusts his broad short sword at you. The dwarf lord hits! The dwarf lord thrusts his broad short sword at you. The dwarf lord hits! You die... The sack is empty. The sack is empty. Final status: Goodbye Mandevil the Rogue, killed by a dwarf lord... You died in The Gnomish Mines on dungeon level 3 with 15628 points, and 103 pieces of gold, after 866 moves. You were level 1 with a maximum of 13 hit points when you died.